cohdb
Replays
Latest Replays
All Replays
Popular Replays
Top Player Replays
Match Explorer
How It Works
Community
CoH3 Stats
Reddit
Sign in to upload your games and track your stats! →
Sign in with Steam
Match 40951306
Unlisted
Match 40951306
Overview
Messages
Build Orders
End
Construct Barracks
Riflemen Squad
1⁄4-ton 4x4 Truck
Riflemen Squad
Infantry Support Center
Riflemen Squad
M1 Mortar Team
Engineer Squad
Grenade Package
Construct Weapon Support Center
M1918 Browning Automatic Rifles
Construct Medical Station
M3 Armored Personnel Carrier
Selects Heavy Weapons
Selects Assault Carriers
Selects Exchangeable Parts
Riflemen Squad
Yee2K
Mr.TtoYou
.
KevinTDW
0
0
Comments
sign in to comment!
No comments posted yet!